 Dungeon Crawl Stone Soup version 0.24.0-1-gfbc8707 (webtiles) character file.

Game seed: 1632346618240461585, levelgen mode: deterministic

1427 porkupine the Spear-Bearer (level 8, 0/106 HPs)
             Began as a Minotaur Abyssal Knight on Nov 9, 2019.
             Was an Elder of Lugonu.
             Slain by an orc warrior
             ... wielding a +0 war axe
              (8 damage)
             ... in a bailey.
             The game lasted 00:26:27 (5669 turns).

porkupine the Spear-Bearer (MiAK)                   Turns: 5669, Time: 00:26:28

Health: 0/106      AC: 10    Str: 24    XL:     8   Next: 44%
Magic:  9/9        EV:  9    Int: 12    God:    Lugonu [****..]
Gold:   103        SH:  0    Dex: 10    Spells: 7/7 levels left

rFire    . . .     SeeInvis +   G - +5 battleaxe of Doom {freeze, *Drain Int+3 SInv}
rCold    . . .     Gourm    .   (shield currently unavailable)
rNeg     . . .     Faith    .   g - +0 chain mail
rPois    .         Spirit   .   (helmet restricted)
rElec    .         Reflect  .   (no cloak)
rCorr    .         Harm     .   (no gloves)
MR       +....                  (no boots)
Stlth    ..........             a - amulet of rage
HPRegen  0.27/turn              q - ring of protection from magic
MPRegen  0.11/turn              (no ring)

@: berserking, very quick
A: retaliatory headbutt, horns 2
a: Depart the Abyss, Bend Space, Banish, Corrupt, Renounce Religion, Evoke
Berserk Rage


You were in a bailey.
You worshipped Lugonu.
Lugonu was greatly pleased with you.
You were hungry.

You visited 1 branch of the dungeon, and saw 7 of its levels.
You visited the Abyss 1 time.
You also visited: Bailey.

You collected 333 gold pieces.
You spent 230 gold pieces at shops.

Inventory:

Hand Weapons
 s - a +2 scythe of slicing
 A - a +4 vampiric whip
 B - a +2 dagger of venom
 G - the +5 battleaxe of Doom (weapon) {freeze, *Drain Int+3 SInv}
   (You bought it in a shop on level 6 of the Dungeon)

   It has been specially enchanted to freeze those struck by it, causing extra
   injury to most foes and up to half again as much damage against particularly
   susceptible opponents.
   It can also slow down cold-blooded creatures.
   It affects your intelligence (+3).
   It lets you see invisible.
   It causes draining when unequipped.
Missiles
 o - 22 poisoned darts (quivered)
Armour
 g - a +0 chain mail (worn)
Jewellery
 a - an amulet of rage (around neck)
 q - a ring of protection from magic (left hand)
Wands
 l - a wand of iceblast (3)
Scrolls
 b - a scroll of magic mapping
 d - 2 scrolls of remove curse
 i - a scroll of identify
 k - 5 scrolls of amnesia
 m - 2 scrolls of teleportation
 n - a scroll of fog {unknown}
 p - 2 scrolls of immolation {unknown}
 r - a scroll of noise {unknown}
 t - a scroll of enchant armour {unknown}
 x - a scroll of holy word {unknown}
 y - a scroll of enchant weapon {unknown}
 F - a scroll of fear {unknown}
Potions
 e - 2 potions of curing
 f - a potion of resistance {unknown}
 h - 4 potions of brilliance
 j - a potion of agility {unknown}
 u - a potion of might {unknown}
 v - 2 potions of lignification {unknown}
 w - a potion of invisibility
 z - a potion of heal wounds {unknown}
 C - a potion of ambrosia {unknown}
 D - a potion of flight {unknown}
 E - a potion of magic {unknown}
Comestibles
 c - 9 rations


   Skills:
 + Level 6.5 Fighting
 + Level 2.5(6.0) Axes
 + Level 8.5(8.7) Polearms
 + Level 1.2 Throwing
 + Level 5.9 Armour
 + Level 2.6 Dodging
 + Level 0.3 Stealth
 * Level 2.9 Invocations
 - Level 0.1 Evocations


You had 7 spell levels left.
You didn't know any spells.
Your spell library contained the following spells:

 Spells                   Type           Power        Failure   Level  Hunger
 Beastly Appendage        Tmut           #.....       91%         1    ##.....
 Sticks to Snakes         Tmut           #.......     97%         2    ###....
 Spider Form              Tmut/Pois      #.........   99%         3    ####...
 Ice Form                 Ice/Tmut       #.......     100%        4    #####..
 Blade Hands              Tmut           #.........   100%        5    ######.


Dungeon Overview and Level Annotations

Branches:
Dungeon (7/15)             Temple (0/1) D:4          Bailey (1/1)

Altars:
Xom

Shops:
D:5 [   D:6 (


Innate Abilities, Weirdness & Mutations

You reflexively headbutt those who attack you in melee.
You have a pair of horns on your head.


Message History

You hit the orc warrior but do no damage.
The orc warrior hits you with a +0 war axe! x2
You barely miss the orc warrior.
The orc warrior hits you with a +0 war axe!
* * * LOW HITPOINT WARNING * * *
A red film seems to cover your vision as you go berserk!
You feel yourself moving faster!
You feel mighty!
You are feeling hungry.
The orc warrior hits you with a +0 war axe!
* * * LOW HITPOINT WARNING * * *
You slash the orc warrior! You freeze the orc warrior.
The orc warrior is moderately wounded.
You closely miss the orc warrior. You headbutt the orc warrior.
The orc warrior is heavily wounded.
The orc warrior closely misses you.
You are too berserk!
Your chain mail prevents you from hitting the orc warrior.
The orc warrior is heavily wounded.
The orc warrior hits you with a +0 war axe!
You die...

KK≈≈.......≈≈K.
##≈≈.......≈≈##
.K≈≈.......≈≈K.
##≈≈.......≈≈##
.'≈≈.......≈≈K.
##≈≈.......≈≈##
##≈.......≈##
####+++####
#.@o..#
#∩}...!∩#
#...8...#
##.....##
###+###


You could see an orc warrior.

Vanquished Creatures
  Sigmund (D:5)
  An orc warrior (D:6)
  2 centaurs (D:6)
  An ogre (D:4)
  A bullfrog (D:7)
  2 scorpions (D:5)
  7 crimson imps
  A jelly (D:5)
  A hound (D:4)
  5 orc wizards
  An iguana (D:4)
  Jessica (D:3)
  2 worker ants
  A hound skeleton (D:6)
  4 gnolls (D:5)
  6 adders
  A shadow imp (D:7)
  2 oozes
  An adder skeleton (D:6)
  2 worms
  A dart slug (D:1)
  2 leopard geckos
  20 orcs
  5 bats
  5 giant cockroaches
  6 goblins
  9 hobgoblins
  4 jackals
  A quokka (D:2)
  10 frilled lizards
  A giant cockroach zombie (D:6)
  A jackal zombie (D:6)
  9 kobolds
  A leopard gecko zombie (D:6)
  5 rats
123 creatures vanquished.

Notes
Turn   | Place    | Note
-------+----------+-------------------------------------------
     0 | Abyss:1  | porkupine the Minotaur Abyssal Knight began the quest for
                  | the Orb.
     0 | Abyss:1  | Reached XP level 1. HP: 19/19 MP: 1/1
    17 | D:1      | Escaped the Abyss
   130 | D:1      | Reached XP level 2. HP: 21/27 MP: 2/2
   341 | D:1      | Reached skill level 3 in Polearms
   453 | D:1      | Reached ** piety under Lugonu
   456 | D:1      | Reached XP level 3. HP: 34/34 MP: 3/3
  1378 | D:3      | Reached XP level 4. HP: 41/41 MP: 4/4
  1386 | D:3      | Noticed Jessica
  1394 | D:3      | Killed Jessica
  1478 | D:3      | Found a shimmering altar of Xom.
  1516 | D:3      | Reached skill level 5 in Fighting
  1517 | D:3      | Reached skill level 4 in Polearms
  1517 | D:3      | Reached XP level 5. HP: 27/48 MP: 5/5
  1687 | D:3      | Reached skill level 5 in Polearms
  1722 | D:3      | You fall into a shaft and drop 3 floors!
  1765 | D:6      | Reached *** piety under Lugonu
  1784 | D:6      | Reached XP level 6. HP: 32/56 MP: 6/6
  1967 | D:5      | Entered Level 5 of the Dungeon
  1972 | D:5      | Reached skill level 6 in Polearms
  2033 | D:5      | Noticed Sigmund
  2751 | D:4      | Found a staircase to the Ecumenical Temple.
  2790 | D:4      | Found a shimmering altar of Xom.
  2911 | D:4      | Reached XP level 7. HP: 37/62 MP: 7/7
  3203 | D:5      | Reached skill level 7 in Polearms
  3483 | D:5      | Found Geiciymp's Armour Shop.
  3497 | D:5      | Killed Sigmund
  3513 | D:5      | Reached skill level 5 in Armour
  3527 | D:5      | Reached skill level 8 in Polearms
  3527 | D:5      | Reached skill level 1 in Throwing
  4217 | D:6      | Found Qilol's Antique Weapon Emporium.
  4224 | D:6      | Bought a crystal battleaxe for 230 gold pieces
  4224 | D:6      | Identified the +5 battleaxe of Doom {freeze, *Drain Int+3
                  | SInv} (You bought it in a shop on level 6 of the Dungeon)
  4297 | D:6      | Reached **** piety under Lugonu
  4297 | D:6      | Reached XP level 8. HP: 61/70 MP: 8/8
  4311 | D:6      | Reached skill level 1 in Axes
  5430 | D:7      | Found a flagged portal.
  5440 | Bailey   | Entered a bailey
  5669 | Bailey   | Slain by an orc warrior

Levels and vault maps discovered:
D:1:      wander_arrival_abandoned_jail, layout_rooms, minmay_lizard_pond
D:2:      layout_rooms, first_ration
D:3:      layout_basic, ebering_dispersal_statue_hall, led_xom_imps,
          uniq_jessica
D:4:      layout_rooms, lemuel_doored_altar, minmay_temple_entry_glassed_door,
          hangedman_abyss_or_decor_lesser_grid, minmay_fractal_squares_5
D:5:      layout_basic, serial_shops, shop, kennysheep_donut, uniq_sigmund
D:6:      layout_basic, serial_shops, nicolae_shop_statue_plus
D:7:      minmay_chambers_of_sevens, layout_loops_corners, enter_bailey_2,
          grunt_livestock, minmay_misc_feat_chi,
          nicolae_qazlal_style_of_elements
Bailey:   bailey_axe_3, bailey

Skill      XL: |  1  2  3  4  5  6  7  8 |
---------------+-------------------------+-----
Fighting       | 4 5 6 |  6.5
Polearms       | 3 4 5 6 8 |  8.5
Armour         | 3 4 5 |  5.9
Dodging        | 2 |  2.6
Throwing       | 1 |  1.2
Invocations    | 2 |  2.9
Axes           | 2 |  2.5
Stealth        | |  0.3
Evocations     | |  0.1

Action                   |  1- 3 |  4- 6 |  7- 9 || total
-------------------------+-------+-------+-------++-------
Melee: Spear             |   135 |   158 |       ||   293
       Headbutt          |     7 |    24 |    16 ||    47
       Trident           |       |    53 |    35 ||    88
       Scythe            |       |       |    18 ||    18
       Battleaxe         |       |       |    48 ||    48
Throw: Dart              |       |     5 |     7 ||    12
Invok: Bend Space        |       |       |     1 ||     1
 Abil: Evoke Berserk Rag |       |       |     1 ||     1
Evoke: Wand              |       |       |     5 ||     5
  Use: Scroll            |     3 |     4 |     3 ||    10
       Potion            |     1 |       |     2 ||     3
  Eat: Chunk             |     1 |     6 |     5 ||    12
       Ration            |       |       |     1 ||     1
Armor: Chain mail        |    32 |    82 |   102 ||   216
       Leather armour    |     3 |       |       ||     3
Dodge: Dodged            |    35 |    64 |    63 ||   162
